 Dungeon Crawl Stone Soup version 0.30-a0-629-gd54f4be4f7 (webtiles) character file.

Game seed: 14455480095010005359

19674 acebull12 the Grappler (level 12, -6/111 HPs)
             Began as a Troll Gladiator on Jan 12, 2023.
             Mangled by a seven-headed hydra (11 damage)
             ... on level 5 of the Lair of Beasts.
             The game lasted 00:23:06 (9334 turns).

acebull12 the Grappler (Troll Gladiator)            Turns: 9334, Time: 00:23:07

Health: -6/111     AC: 14    Str: 29    XL:     12   Next: 38%
Magic:  11/11      EV: 16    Int:  4    God:
Gold:   501        SH:  5    Dex: 11    Spells: 11/11 levels left

rFire   . . .      SeeInvis .    C - +2 halberd (flame)
rCold   . . .      Faith    .    (shield currently unavailable)
rNeg    . . .      Spirit   .    r - +0 swamp dragon scales
rPois   +          Reflect  +    b - +0 hat
rElec   .          Harm     .    M - +2 cloak {Will+}
rCorr   .          Rampage  .    (gloves unavailable)
Will    ++...                    (boots unavailable)
Stlth   +                        t - amulet of reflection
HPRegen 1.18/turn                e - ring of willpower
MPRegen 0.12/turn                E - +5 ring of evasion

@: no status effects
A: large, unfitting armour, claws 3, regeneration 1, shaggy fur 1, tough skin 1
a: no special abilities


You were on level 5 of the Lair of Beasts.
You visited 2 branches of the dungeon, and saw 15 of its levels.
You also visited: Bailey.

You collected 501 gold pieces.

Inventory:

Hand Weapons
 p - a +2 bardiche of venom
 C - a +2 halberd of flaming (weapon)
 R - the +7 quarterstaff of the Illusory Things {elec, rF+ rN+}
   (You found it on level 4 of the Lair of Beasts)

   rF:        It protects you from fire.
   rN:        It protects you from negative energy.
Missiles
 c - 3 throwing nets (quivered)
 d - 3 large rocks
 g - 100 stones
 S - 6 poisoned darts
Armour
 b - a +0 hat (worn)
 r - +0 swamp dragon scales (worn)
 J - a +2 robe of willpower
 M - a +2 cloak of willpower (worn)
Jewellery
 e - a ring of willpower (left claw)
 t - an amulet of reflection (around neck)
 E - a +5 ring of evasion (right claw)
 G - a +6 ring of dexterity
 L - a ring of positive energy
 P - an amulet of faith
 Q - a ring of fire
Wands
 w - a wand of acid (20)
 y - a wand of iceblast (15)
 B - a wand of charming (23)
Scrolls
 f - a scroll of enchant armour {unknown}
 i - 3 scrolls of fear {unknown}
 j - 2 scrolls of enchant weapon {unknown}
 l - 3 scrolls of vulnerability
 o - 3 scrolls of immolation {unknown}
 x - 9 scrolls of teleportation
 z - 3 scrolls of amnesia {unknown}
 A - 2 scrolls of poison {unknown}
 H - 3 scrolls of blinking {unknown}
 K - 2 scrolls of fog {unknown}
 N - a scroll of acquirement {unknown}
 T - a scroll of identify
Potions
 a - 4 potions of mutation {unknown}
 h - 7 potions of curing
 k - 3 potions of brilliance {unknown}
 m - a potion of degeneration {unknown}
 n - 5 potions of attraction
 q - 4 potions of heal wounds {unknown}
 s - 3 potions of might
 u - 4 potions of invisibility
 v - 2 potions of flight {unknown}
 D - 2 potions of magic {unknown}
 F - a potion of haste {unknown}
 I - a potion of lignification {unknown}
 O - a potion of cancellation {unknown}


   Skills:
 * Level 5.4 Fighting
 + Level 0.3 Polearms
 * Level 7.1 Throwing
 - Level 6.0 Armour
 * Level 7.6 Dodging
 + Level 0.7 Stealth
 + Level 3.3 Shields
 * Level 14.1 Unarmed Combat


You had 11 spell levels left.
You didn't know any spells.
Your spell library contained the following spells:

 Spells                   Type           Power      Damage    Failure   Level
 Magic Dart               Conj           0%         1d3       63%         1
 Sandblast                Erth           0%         2d4       63%         1
 Cigotuvi's Dreadful Rot  Necr/Pois/Air  0%         N/A       77%         2
 Passwall                 Tmut/Erth      0%         N/A       77%         2
 Poisonous Vapours        Pois/Air       0%         N/A       77%         2
 Dazzling Flash           Conj/Hex       0%         N/A       94%         3
 Mephitic Cloud           Conj/Pois/Air  0%         N/A       94%         3
 Portal Projectile        Hex/Tloc       0%         N/A       94%         3
 Stone Arrow              Conj/Erth      0%         3d7       94%         3
 Tukima's Dance           Hex            0%         N/A       94%         3
 Passage of Golubria      Tloc           0%         N/A       100%        4
 Agony                    Necr           0%         N/A       100%        5
 Blade Hands              Tmut           0%         N/A       100%        5
 Silence                  Hex/Air        0%         N/A       100%        5
 Yara's Violent Unravell  Hex/Tmut       0%         3d3       100%        5


Dungeon Overview and Level Annotations

Branches:
Dungeon (10/15)            Temple (0/1) D:5            Lair (5/5) D:10
 Bailey (visited)
  Swamp: Lair:2-3    Shoals: Lair:2-3     Snake: Lair:2-3    Spider: Lair:2-3
  Slime: Lair:4-5       Orc: D:9-12

Altars:
Dithmenos
Elyvilon
Hepliaklqana
Kikubaaqudgha
Makhleb
Nemelex Xobeh
Okawaru
Qazlal
Ru
Sif Muna
Vehumet
Xom
Zin

Shops:
D:1 [   D:2 (   D:5 *   D:9 =

Annotations:
D:4 2 runed translucent doors, wormed's ghost, amateur KoBr
D:10 3 runed translucent doors, Lodul
Lair:4 3 runed translucent doors, acebull12's ghost, journeyman DsGl


Innate Abilities, Weirdness & Mutations

You are too large for most types of armour.
You have claws for hands.
Your natural rate of healing is unusually fast.
You are covered in fur. (AC +1)
You have tough skin. (AC +1)


Message History

The eight-headed hydra closely misses you.
The eight-headed hydra barely misses you.
You barely miss the eight-headed hydra. The eight-headed hydra bites you.
The eight-headed hydra bites you but does no damage.
You block the eight-headed hydra's attack.
The eight-headed hydra closely misses you.
You block the eight-headed hydra's attack.
The eight-headed hydra barely misses you.
The eight-headed hydra bites you. x2
You chop one of the eight-headed hydra's heads off!
The flame cauterises the wound!
You hit the seven-headed hydra. You burn the seven-headed hydra.
The seven-headed hydra is lightly wounded.
The seven-headed hydra barely misses you.
The seven-headed hydra bites you. x2
The seven-headed hydra barely misses you.
The seven-headed hydra bites you. x2
The seven-headed hydra barely misses you.
The seven-headed hydra bites you but does no damage.
The seven-headed hydra barely misses you.
The seven-headed hydra bites you but does no damage.
The seven-headed hydra misses you. The seven-headed hydra bites you!
The seven-headed hydra bites you.
* * * LOW HITPOINT WARNING * * *
The seven-headed hydra bites you but does no damage.
You completely miss the seven-headed hydra.
The seven-headed hydra barely misses you. x2
The seven-headed hydra bites you!
* * * LOW HITPOINT WARNING * * *
The seven-headed hydra barely misses you. x2
The seven-headed hydra bites you!
* * * LOW HITPOINT WARNING * * *
The seven-headed hydra closely misses you.
Okay, then.
You barely miss the seven-headed hydra. The seven-headed hydra bites you!
* * * LOW HITPOINT WARNING * * *
The seven-headed hydra barely misses you. x2
The seven-headed hydra closely misses you.
The seven-headed hydra bites you!
You die...

### ### ######
###P###.###
#..#.####..[.#....#
.................##
..................#
........##P.####..#
.........#..# #@.#
........#..## #.D.#
.......+.... #P..#
.........#... #.$.#
..........#.# ##.P#
........### #.##
.......P. ..#
....... ... .......


You could see a seven-headed hydra.

Vanquished Creatures
  A hydra (Lair:4)
  A two-headed ogre (Bailey)
  Pikel (D:6)
  A manticore (D:7)
  6 elephants
  3 black mambas
  5 cane toads
  Maggie (D:6)
  3 komodo dragons
  2 rime drakes
  2 polar bears
  Grinder (D:3)
  7 blink frogs
  A slime creature (D:7)
  Sigmund (D:6)
  2 wyverns
  6 spriggans (Bailey)
  Eustachio (D:6)
  2 basilisks (Lair:4)
  A wraith (D:10)
  10 yaks
  A steam dragon (Bailey)
  Menkaure (D:4)
  3 wargs (D:10)
  6 water moccasins
  Duvessa (D:6)
  A sky beast (D:6)
  2 ice beasts
  A black bear (D:6)
  5 orc warriors
  11 ogres
  3 centaurs
  2 phantoms (D:5)
  A lemure (D:6)
  12 bullfrogs
  A gnoll sergeant (D:9)
  A scorpion (D:7)
  2 necrophages
  3 wights (D:8)
  Dowan (D:6)
  9 killer bees (D:9)
  2 howler monkeys
  5 hounds
  2 jellies
  A gnoll bouda (D:9)
  6 orc priests
  2 iguanas (D:4)
  9 orc wizards
  Natasha (thrice) (D:4)
  Ijyb (D:5)
  8 gnolls (D:9)
  9 adders
  3 white imps
  A worm (D:4)
  2 dart slugs
  25 orcs
  5 ball pythons
  6 endoplasms
  2 giant cockroaches (D:1)
  6 goblins
  12 hobgoblins
  8 jackals
  4 quokkas
  3 bats
  3 frilled lizards
  6 kobolds
  4 rats
263 creatures vanquished.

Vanquished Creatures (others)
  10 fungi
  31 plants
41 creatures vanquished.

Grand Total: 304 creatures vanquished

Notes
Turn   | Place    | Note
-------+----------+-------------------------------------------
     0 | D:1      | acebull12 the Troll Gladiator began the quest for the Orb.
     0 | D:1      | Reached XP level 1. HP: 19/19 MP: 0/0
   246 | D:1      | Reached XP level 2. HP: 22/28 MP: 1/1
   343 | D:1      | Found a faded altar of an unknown god.
   358 | D:1      | Found Abyph's Antique Armour Shop.
   447 | D:1      | Reached XP level 3. HP: 35/35 MP: 2/2
  1518 | D:2      | Found Jocet's Weapon Emporium.
  1742 | D:3      | Reached XP level 4. HP: 42/42 MP: 3/3
  1818 | D:3      | Reached skill level 4 in Unarmed Combat
  1887 | D:3      | Noticed Grinder
  1897 | D:3      | Paralysed by Grinder for 5 turns
  1909 | D:3      | Killed Grinder
  1910 | D:3      | Reached skill level 1 in Armour
  1910 | D:3      | Reached skill level 5 in Unarmed Combat
  1910 | D:3      | Reached XP level 5. HP: 30/50 MP: 4/4
  1910 | D:3      | Reached XP level 6. HP: 35/59 MP: 5/5
  2688 | D:4      | Noticed Natasha
  2694 | D:4      | Killed Natasha
  2752 | D:4      | Noticed Menkaure
  2763 | D:4      | Killed Menkaure
  2764 | D:4      | Reached XP level 7. HP: 24/66 MP: 6/6
  2818 | D:4      | Found a white marble altar of Elyvilon.
  2862 | D:4      | Reached skill level 6 in Unarmed Combat
  2961 | D:4      | Found a runed translucent door.
  2990 | D:4      | Noticed Natasha
  3000 | D:4      | Killed Natasha
  3115 | D:4      | Found a runed translucent door.
  3195 | D:4      | Noticed Natasha
  3202 | D:4      | Killed Natasha
  3305 | D:4      | Noticed wormed's ghost (amateur KoBr)
  3352 | D:4      | Found a shimmering altar of Xom.
  3670 | D:5      | Entered Level 5 of the Dungeon
  3743 | D:5      | Noticed Ijyb
  3748 | D:5      | Killed Ijyb
  3752 | D:5      | Reached skill level 1 in Shields
  3860 | D:5      | Found a sparkling altar of Nemelex Xobeh.
  3879 | D:5      | Reached XP level 8. HP: 74/74 MP: 7/7
  3972 | D:5      | Found Citrip's Lightly-Used Armoury.
  4042 | D:5      | Found a burning altar of Makhleb.
  4050 | D:5      | Reached skill level 7 in Unarmed Combat
  4101 | D:5      | Found a staircase to the Ecumenical Temple.
  4458 | D:6      | Noticed Eustachio
  4481 | D:6      | Killed Eustachio
  4543 | D:6      | Noticed Duvessa
  4544 | D:6      | Noticed Dowan
  4551 | D:6      | Killed Dowan
  4563 | D:6      | Killed Duvessa
  4761 | D:6      | Reached skill level 8 in Unarmed Combat
  4766 | D:6      | Found a shadowy altar of Dithmenos.
  4777 | D:6      | Noticed Sigmund
  4785 | D:6      | Killed Sigmund
  4786 | D:6      | Reached XP level 9. HP: 80/83 MP: 8/8
  4801 | D:6      | Noticed Maggie
  4813 | D:6      | Killed Maggie
  5081 | D:7      | Identified the +4 ring mail of Yfaischus {rF+ Will+ Dex+4}
  5181 | D:7      | Reached skill level 5 in Dodging
  5249 | D:7      | Reached skill level 9 in Unarmed Combat
  5276 | D:7      | Found a glowing silver altar of Zin.
  5276 | D:7      | Noticed an angel
  5379 | D:7      | Noticed a manticore
  5388 | D:7      | Killed a manticore
  5565 | D:7      | Noticed Pikel
  5584 | D:6      | Killed Pikel
  5585 | D:6      | Reached skill level 10 in Unarmed Combat
  5820 | D:8      | Reached XP level 10. HP: 87/92 MP: 9/9
  6229 | D:8      | Reached skill level 5 in Throwing
  6284 | D:8      | Found a hazy altar of Hepliaklqana.
  6287 | D:8      | Found a stormy altar of Qazlal.
  6289 | D:8      | Found a sacrificial altar of Ru.
  6290 | D:8      | Found an iron altar of Okawaru.
  6681 | D:9      | Reached skill level 11 in Unarmed Combat
  6727 | D:9      | Found Ibutonaq's One-of-a-Kind Rings.
  6859 | D:9      | Found a radiant altar of Vehumet.
  6868 | D:9      | Found an ancient bone altar of Kikubaaqudgha.
  6872 | D:9      | Found a shimmering blue altar of Sif Muna.
  6884 | D:9      | Got Vehumet's Quarto of Fulmination
  6910 | D:9      | Reached skill level 5 in Armour
  6971 | D:9      | Found a flagged portal.
  6988 | Bailey   | Entered a bailey
  7079 | Bailey   | Noticed a two-headed ogre
  7121 | Bailey   | Killed a two-headed ogre
  7122 | Bailey   | Reached XP level 11. HP: 82/101 MP: 10/10
  7518 | D:9      | Reached skill level 12 in Unarmed Combat
  7769 | D:10     | Entered Level 10 of the Dungeon
  7903 | D:10     | Found a runed translucent gate.
  7906 | D:10     | Found a runed translucent gate.
  7909 | D:10     | Found a staircase to the Lair.
  7909 | D:10     | Found a runed translucent gate.
  7909 | D:10     | Noticed Lodul
  8058 | Lair:1   | Entered Level 1 of the Lair of Beasts
  8375 | Lair:1   | Reached skill level 5 in Fighting
  8476 | Lair:2   | Reached skill level 13 in Unarmed Combat
  8716 | Lair:3   | Reached XP level 12. HP: 96/111 MP: 11/11
  8893 | Lair:4   | Found a runed translucent gate.
  8894 | Lair:4   | Found a runed translucent gate.
  8895 | Lair:4   | Found a runed translucent gate.
  8895 | Lair:4   | Noticed acebull12's ghost (journeyman DsGl)
  8902 | Lair:4   | Noticed a ten-headed hydra
  8918 | Lair:4   | Identified the +7 quarterstaff of the Illusory Things
                  | {elec, rF+ rN+}
  8955 | Lair:4   | Noticed a six-headed hydra
  8969 | Lair:4   | Killed a one-headed hydra
  9127 | Lair:5   | Entered Level 5 of the Lair of Beasts
  9202 | Lair:5   | Reached skill level 14 in Unarmed Combat
  9324 | Lair:5   | Noticed an eight-headed hydra
  9334 | Lair:5   | HP: 5/111 [seven-headed hydra (12)]
  9334 | Lair:5   | Mangled by a seven-headed hydra

Illustrated notes

Levels and vault maps discovered:
D:1:      dpeg_arrival_water_temple_mockup, layout_loops_ring, serial_rivers,
          chequers_serial_rivers_room_b, chequers_serial_rivers_room_b,
          chequers_serial_rivers_micro_d, chequers_serial_rivers_small_3,
          chequers_serial_rivers_small_3, chequers_serial_rivers_marsh,
          serial_shops, nicolae_shop_hallway_plus,
          ebering_ecumenical_altar_sacrificial
D:2:      layout_basic, serial_shops, nicolae_shop_bloodbath_and_beyond,
          nrook_campfire
D:3:      layout_loops_ring, serial_aquarium, aquarium_bridge_square
          [aquarium_subvault_bridge, aquarium_subvault_bridge,
          aquarium_subvault_bridge, aquarium_subvault_wall],
          aquarium_window_corridor_2, aquarium_window_fake,
          aquarium_window_fake, aquarium_view_2d, aquarium_balcony_5a,
          kennysheep_generic_room_13, uniq_grinder
D:4:      wad_lake_hut, layout_basic, elyvilon_altar_3, kennysheep_mini_moat,
          ebering_ghost_sewer_f, uniq_natasha, uniq_menkaure
D:5:      layout_rooms, mainiacjoe_overflow_catwalk,
          makhleb_blood_cavern_becter, temple_green, minmay_shop_damaged,
          uniq_ijyb
D:6:      layout_basic, nicolae_dithmenos_shadow_blocks,
          nicolae_zen_rock_garden, uniq_sigmund, uniq_duvessa, uniq_eustachio,
          uniq_maggie
D:7:      kennysheep_big_flooded_room, layout_rooms, zin_angel,
          serial_park_tiny_2, minmay_diced_spiral, uniq_pikel
D:8:      layout_loops_cross, mainiacjoe_overflow_alcove_3
D:9:      layout_cave_pools, grunt_temple_overflow_magic_moments,
          enter_bailey_4, nicolae_shop_unique_rings, amethyst_killhole
D:10:     kennysheep_seaside_town, layout_basic, erik_lair_orcish_takeover,
          gammafunk_ghost_ooze, minivault_25_ag, uniq_erolcha, uniq_fannar,
          uniq_lodul
Lair:1:   minmay_lair_oklob_chamber, layout_regular_city,
          eino_small_chamber_without_monster, small_statue_intersection,
          lemuel_fruit_tree, grunt_megastairs_2, serial_bayou_shore_a,
          infiniplex_staircase_pool
Lair:2:   layout_small_grid, spider_nest_entry_web_field, wad_woods_road_02
Lair:3:   layout_roguey, minmay_swamp_entry_reptiles, minmay_lindwurm_lava,
          infiniplex_staircase_pool_2
Lair:4:   layout_hall_layers, gammafunk_ghost_hydra_chop
Lair:5:   evil_forest, layout_regular_city, slime_entry_2, st_stairs_5,
          grunt_megastairs_4, uniq_urug

Skill      XL: |  1  2  3  4  5  6  7  8  9 10 11 12 |
---------------+-------------------------------------+-----
Fighting       | 2 3 4 5 |  5.4
Dodging        | 3 4 5 6 7 |  7.6
Throwing       | 2 3 4 5 6 7 |  7.1
Unarmed Combat | 5 6 8 10 11 13 14 | 14.1
Armour         | 1 2 3 4 5 6 |  6.0
Shields        | 1 2 3 |  3.3
Polearms       | |  0.3
Stealth        | |  0.7

Action                   |  1- 3 |  4- 6 |  7- 9 | 10-12 || total
-------------------------+-------+-------+-------+-------++-------
Melee: Unarmed           |    98 |    70 |   245 |   524 ||   937
       Punch             |     1 |     1 |     8 |    33 ||    43
       Halberd           |       |       |       |    15 ||    15
  Use: Scroll            |       |       |       |     7 ||     7
Armor: Robe              |    35 |       |       |       ||    35
       Swamp dragon scal |     6 |    20 |    74 |   186 ||   286
Dodge: Dodged            |    67 |    18 |   104 |   487 ||   676
Block: Other             |       |       |    50 |   137 ||   187
       Reflection        |       |       |     6 |     2 ||     8

Table legend: (Time is in decaauts)
 A = Elapsed time spent in this place.
 B = Non-inter-level travel time spent in this place.
 C = Inter-level travel time spent in this place.
 D = Time resting spent in this place.
 E = Time spent auto-exploring this place.
 F = Levels seen in this place.
 G = Mean time per level.
                   A        B        C        D        E       F      G
               +--------+--------+--------+--------+--------+-----+--------+
         Total |   9198 |   8557 |    641 |    632 |   5394 |  16 |  574.9 |
       Dungeon |   7657 |   7016 |    641 |    197 |   5181 |  10 |  765.7 |
          Lair |   1227 |   1227 |      0 |    399 |    132 |   5 |  245.4 |
        Bailey |    313 |    313 |      0 |     36 |     81 |   1 |  313.0 |
               +--------+--------+--------+--------+--------+-----+--------+

Top non-repeatable levels by time:
     D:4: 1062 daAuts
     D:1: 975 daAuts
     D:3: 913 daAuts
     D:9: 829 daAuts
     D:8: 813 daAuts
     D:2: 754 daAuts
     D:6: 717 daAuts
     D:7: 706 daAuts
     D:5: 683 daAuts
  Lair:4: 393 daAuts
  Lair:2: 363 daAuts
  Bailey: 313 daAuts
    D:10: 199 daAuts
  Lair:1: 167 daAuts
  Lair:3: 159 daAuts
